 Dungeon Crawl Stone Soup version 0.30-a0-122-g2a1322497e (webtiles) character file.

Game seed: 15377339267168621736

149 NinjaNoafa the Magician (level 5, -2/35 HPs)
             Began as a Djinni Hedge Wizard on Sept 15, 2022.
             Slain by a phantom (6 damage)
             ... on level 4 of the Dungeon.
             The game lasted 00:09:08 (4084 turns).

NinjaNoafa the Magician (Djinni Hedge Wizard)       Turns: 4084, Time: 00:09:08

Health: -2/35      AC:  4    Str:  9    XL:     5   Next: 57%
Gold:   161        EV: 12    Int: 18    God:
                   SH:  0    Dex: 12

rFire   + + +      SeeInvis +    a - +0 dagger
rCold   x . .      Faith    .    (no shield)
rNeg    . . .      Spirit   .    b - +0 robe
rPois   ∞          Reflect  .    m - +0 helmet
rElec   .          Harm     .    (no cloak)
rCorr   .          Rampage  .    h - +0 pair of gloves
Will    .....                    (boots unavailable)
Stlth   ++........               (no amulet)
HPRegen 0.11/turn                e - ring of see invisible
MPRegen 0.00/turn                v - ring of protection from fire

@: flying, very slightly contaminated
A: sickness immunity, fire resistance 2, cold vulnerability 1, float, innate
caster, HP casting, extra vitality 1
a: no special abilities


You were on level 4 of the Dungeon.
You visited 1 branch of the dungeon, and saw 4 of its levels.

You collected 161 gold pieces.

Inventory:

Hand Weapons
 a - a +0 dagger (weapon)
Missiles
 d - 18 stones
 p - 3 atropa-tipped darts
 s - 5 boomerangs
Armour
 b - a +0 robe (worn)
 h - a +0 pair of gloves (worn)
 m - a +0 helmet (worn)
Jewellery
 e - a ring of see invisible (left hand)
 v - a ring of protection from fire (right hand)
Scrolls
 c - 3 scrolls of fear {unknown}
 f - 3 scrolls of teleportation
 g - 3 scrolls of identify {unknown}
 q - a scroll of vulnerability {unknown}
 u - a scroll of enchant weapon {unknown}
Potions
 i - a potion of might {unknown}
 j - a potion of ambrosia {unknown}
 k - a potion of heal wounds
 l - a potion of curing {unknown}
 n - a potion of cancellation {unknown}
 r - a potion of lignification {unknown}
 t - a potion of flight {unknown}
 w - a potion of haste {unknown}


   Skills:
 - Level 2.1 Dodging
 - Level 1.5 Stealth
 + Level 4.5 Spellcasting


You couldn't memorise any spells.
You knew the following spells:

 Your Spells              Type           Power      Damage    Failure   Level
a - Magic Dart            Conj           80%        1d7       2%          1
b - Slow                  Hex            80%        N/A       2%          1
c - Blink                 Tloc           40%        N/A       3%          2
d - Call Imp              Summ           20%        N/A       3%          2
e - Cigotuvi's Dreadful   Necr/Pois/Air  40%        N/A       3%          2
f - Mephitic Cloud        Conj/Pois/Air  20%        N/A       6%          3
g - Apportation           Tloc           40%        N/A       2%          1
h - Ensorcelled Hibernat  Hex/Ice        40%        N/A       3%          2
Your spell library was empty.

Dungeon Overview and Level Annotations

Branches:
Dungeon (4/15)
 Temple: D:4-7

Altars:


Innate Abilities, Weirdness & Mutations

You are immune to sickness and miasma.
You are immune to poison.
Your flesh is very heat resistant. (rF++)
You are vulnerable to cold. (rC-)
You float through the air rather than walking.
You learn spells naturally, not from books.
Your magical power is your life essence.
You have superior vitality. (+4 MHP)


Message History

Aiming: Magic Dart (safe; 2% risk of failure)
Press: ? - help, Shift-Dir - straight line, f - phantom
Aim: a phantom (severely damaged, unaware, hasn't noticed you, 100% to hit)
The magic dart hits the phantom.
The phantom is severely damaged.
* * * LOW HITPOINT WARNING * * *
You feel much better. The phantom closely misses you.
Casting: Magic Dart (safe; 2% risk of failure)
Confirm with . or Enter, or press ? or * to list all spells.
Aiming: Magic Dart (safe; 2% risk of failure)
Press: ? - help, Shift-Dir - straight line, f/p - phantom
Aim: a phantom (severely damaged, 100% to hit)
You miscast Magic Dart.
You are very lightly contaminated with residual magic.
Nothing appears to happen.
The phantom hits you.
The phantom blinks!
You blink.
You hit the phantom.
The phantom is severely damaged.
The phantom misses you.
You barely miss the phantom.
The phantom is severely damaged.
The phantom hits you.
The phantom blinks!
You blink.
Casting: Magic Dart (safe; 2% risk of failure)
Confirm with . or Enter, or press ? or * to list all spells.
You can't see any susceptible monsters within range! (Use Z to cast anyway.)
Casting: Magic Dart (safe; 2% risk of failure)
Confirm with . or Enter, or press ? or * to list all spells.
Aiming: Magic Dart (safe; 2% risk of failure)
Press: ? - help, Shift-Dir - straight line, f/p - phantom
Aim: a phantom (severely damaged, 100% to hit)
The magic dart hits the phantom but does no damage.
The phantom is severely damaged.
The phantom hits you.
* * * LOW HITPOINT WARNING * * *
The phantom blinks!
You blink.
Casting: Magic Dart (safe; 2% risk of failure)
Confirm with . or Enter, or press ? or * to list all spells.
A beastly little devil appears in a puff of flame.
* * * LOW HITPOINT WARNING * * *
The phantom hits you.
You die...

######## #......#
#......# #......#
#......#
######......+
......W.....#
####@5#### #..#
######§.#
###.....)>##
..#.#####..# #.#.#
#.# #.#.######.#
#########.#.....##.#
..........#####.##..


You could see a phantom (ally target) and a friendly crimson imp (summoned).

Vanquished Creatures
  A hound (D:4)
  2 adders (D:2)
  3 dart slugs
  2 orcs (D:3)
  6 endoplasms
  2 giant cockroaches
  4 goblins
  4 hobgoblins
  3 kobolds
  3 quokkas (D:2)
  4 ball pythons
  5 bats
  5 frilled lizards
  2 rats
46 creatures vanquished.

Vanquished Creatures (collateral kills)
  A hound (D:4)
  An adder (D:3)
  An endoplasm (D:3)
  A goblin (D:3)
  A hobgoblin (D:2)
  2 kobolds (D:2)
7 creatures vanquished.

Grand Total: 53 creatures vanquished

Notes
Turn   | Place    | Note
-------+----------+-------------------------------------------
     0 | D:1      | NinjaNoafa the Djinni Hedge Wizard began the quest for the
                  | Orb.
     0 | D:1      | NinjaNoafa set off with the following spells memorised:
                  | Magic Dart, Slow, Blink, Call Imp, Cigotuvi's Dreadful Rot,
                  | Mephitic Cloud.
     0 | D:1      | Reached XP level 1. HP: 15/15 MP: 0/0
   235 | D:1      | Reached XP level 2. HP: 10/21 MP: 0/0
   788 | D:1      | Reached skill level 3 in Spellcasting
  1365 | D:1      | Reached XP level 3. HP: 22/25 MP: 0/0
  1365 | D:1      | Learned a level 1 spell: Apportation
  1728 | D:2      | Found a faded altar of an unknown god.
  2090 | D:2      | Reached XP level 4. HP: 17/31 MP: 0/0
  3227 | D:3      | Reached skill level 4 in Spellcasting
  3711 | D:4      | Noticed a black bear
  3713 | D:4      | Reached XP level 5. HP: 21/35 MP: 0/0
  3713 | D:4      | Learned a level 2 spell: Ensorcelled Hibernation
  4059 | D:4      | Noticed a phantom
  4084 | D:4      | Slain by a phantom

Illustrated notes

Levels and vault maps discovered:
D:1:      erik_arrival_cave_to_civilisation [erik_arrival_cave_to_hall],
          layout_basic
D:2:      minmay_kobold_bridge, layout_loops_ring,
          hellmonk_ecumenical_altar_blasted, roderic_malta_cross,
          minmay_misc_feat_pillars, minmay_pentomino_t2
D:3:      layout_loops_ring, hangedman_decor_diamond_cutter
D:4:      layout_basic, biasface_ghost_orc_armoury, uniq_blork_the_orc

Skill      XL: |  1  2  3  4 |
---------------+-------------+-----
Spellcasting   | 3 4 |  4.5
Dodging        | |  2.1
Stealth        | |  1.5

Action                   |  1- 3 |  4- 6 || total
-------------------------+-------+-------++-------
Melee: Dagger            |    14 |    33 ||    47
 Cast: Magic Dart        |    60 |    49 ||   109
       Slow              |     5 |       ||     5
       Call Imp          |     1 |     7 ||     8
       Apportation       |       |     2 ||     2
       Ensorcelled Hiber |       |     2 ||     2
  Use: Scroll            |       |     3 ||     3
       Potion            |       |     2 ||     2
 Stab: Sleeping          |       |     1 ||     1
       Distracted        |       |     1 ||     1
Armor: Robe              |    11 |    23 ||    34
Dodge: Dodged            |    21 |    42 ||    63

Table legend: (Time is in decaauts)
 A = Elapsed time spent in this place.
 B = Non-inter-level travel time spent in this place.
 C = Inter-level travel time spent in this place.
 D = Time resting spent in this place.
 E = Time spent auto-exploring this place.
 F = Levels seen in this place.
 G = Mean time per level.
                   A        B        C        D        E       F      G
               +--------+--------+--------+--------+--------+-----+--------+
         Total |   4081 |   3920 |    161 |    144 |   3336 |   4 | 1020.2 |
       Dungeon |   4081 |   3920 |    161 |    144 |   3336 |   4 | 1020.2 |
               +--------+--------+--------+--------+--------+-----+--------+

Top non-repeatable levels by time:
     D:1: 1410 daAuts
     D:2: 1402 daAuts
     D:3: 876 daAuts
     D:4: 391 daAuts
